 Dungeon Crawl Stone Soup version 0.25.1-2-g60ff931df9 (webtiles) character file.

Game seed: 8077079014605166479

6938 hawla the Protected (level 10, -2/83 (84) HPs)
             Began as a Minotaur Artificer on Oct 12, 2020.
             Was an Initiate of Gozag.
             Slain by a troll (3 damage)
             ... on level 10 of the Dungeon.
             The game lasted 00:26:14 (11394 turns).

hawla the Protected (Minotaur Artificer)           Turns: 11394, Time: 00:26:15

HP:   -2/83 (84)    AC: 19    Str: 15    XL:     10   Next: 80%
MP:   14/14         EV: 11    Int:  9    God:    Gozag
Gold: 691           SH:  5    Dex: 18    Spells: 9/9 levels left

rFire    . . .     SeeInvis .   F - +5 whip of the Howling Salmon {vorpal, rElec rPois MR++ Str-3}
rCold    + . .     Gourm    .   (no shield)
rNeg     . . .     Faith    .   m - +0 chain mail
rPois    +         Spirit   .   (helmet restricted)
rElec    +         Reflect  +   j - +2 cloak {rCorr}
rCorr    +         Harm     .   x - +2 pair of gloves
MR       ++...                  v - +0 pair of boots
Stlth    ..........             L - amulet of reflection
HPRegen  0.23/turn              h - ring of protection from cold
MPRegen  0.14/turn              r - +6 ring of dexterity

@: mighty
A: retaliatory headbutt, horns 2
a: Potion Petition, Call Merchant, Bribe Branch, Renounce Religion


You were on level 10 of the Dungeon.
You worshipped Gozag.
Gozag was pleased with you.
You were very full.

You visited 2 branches of the dungeon, and saw 12 of its levels.

You collected 1818 gold pieces.
You spent 1068 gold pieces at shops.
You paid 59 gold pieces to Gozag.

Inventory:

Hand Weapons
 F - the +5 whip of the Howling Salmon (weapon) {vorpal, rElec rPois MR++ Str-3}
   (You found it on level 10 of the Dungeon)

   It inflicts extra damage upon your enemies.
   It affects your strength (-3).
   It insulates you from electricity.
   It protects you from poison.
   It affects your resistance to hostile enchantments.
Missiles
 b - 4 boomerangs (quivered)
 w - 22 poisoned darts
Armour
 j - a +2 cloak of preservation (worn)
 m - a +0 chain mail (worn)
 v - a +0 pair of boots (worn)
 x - a +2 pair of gloves (worn)
Magical Staves
 M - an uncursed staff of air
Jewellery
 h - a ring of protection from cold (left hand)
 l - an uncursed amulet of magic regeneration
 r - a +6 ring of dexterity (right hand)
 H - an uncursed ring of stealth
 K - an uncursed ring of wizardry
 L - an amulet of reflection (around neck)
Wands
 c - a wand of flame (34)
 d - a wand of enslavement (14)
 e - a wand of random effects (16)
 y - a wand of iceblast (20)
 E - a wand of clouds (4)
Scrolls
 a - 3 scrolls of enchant armour
 g - 7 scrolls of identify
 s - 3 scrolls of noise
 t - 2 scrolls of magic mapping
 u - 3 scrolls of fear
 z - 3 scrolls of amnesia
 C - 2 scrolls of remove curse
 G - 4 scrolls of teleportation
 I - 2 scrolls of holy word
Potions
 k - 8 potions of curing {unknown}
 n - a potion of berserk rage {unknown}
 o - 5 potions of flight {unknown}
 p - a potion of stabbing {unknown}
 A - a potion of mutation {unknown}
 B - a potion of magic {unknown}
Miscellaneous
 D - a tin of tremorstones (3/3)
Comestibles
 f - 13 rations


   Skills:
 + Level 6.4 Fighting
   Level 1.1 Short Blades
 + Level 3.7(4.7) Maces & Flails
   Level 8.5(9.0) Polearms
 + Level 4.3(7.4) Staves
 + Level 1.9 Throwing
 + Level 8.8 Armour
 * Level 8.0 Dodging
 - Level 0.7 Stealth
 * Level 7.7 Evocations


You had 9 spell levels left.
You didn't know any spells.
Your spell library contained the following spells:

 Spells                   Type           Power        Failure   Level  Hunger
 Animate Skeleton         Necr           N/A          99%         1    ##.....
 Corona                   Hex            #......      99%         1    ##.....
 Infusion                 Chrm           #...         99%         1    ##.....
 Pain                     Necr           #...         99%         1    ##.....
 Summon Small Mammal      Summ           #...         99%         1    ##.....
 Call Imp                 Summ           #.......     100%        2    ###....
 Shroud of Golubria       Chrm/Tloc      #.....       100%        2    ###....
 Slow                     Hex            #.......     100%        2    ###....
 Song of Slaying          Chrm           #.......     100%        2    ###....
 Call Canine Familiar     Summ           #.......     100%        3    ####...
 Confusing Touch          Hex            #.......     100%        3    ####...
 Gell's Gravitas          Tloc           #.........   100%        3    ####...
 Inner Flame              Hex/Fire       #.......     100%        3    ####...
 Ozocubu's Armour         Chrm/Ice       #.......     100%        3    ####...
 Portal Projectile        Hex/Tloc       #.....       100%        3    ####...
 Spectral Weapon          Hex/Chrm       #.......     100%        3    ####...
 Summon Guardian Golem    Hex/Summ       #.......     100%        3    ####...
 Vampiric Draining        Necr           #.........   100%        3    ####...
 Animate Dead             Necr           N/A          100%        4    #####..
 Cause Fear               Hex            #.........   100%        4    #####..
 Leda's Liquefaction      Hex/Erth       #.........   100%        4    #####..
 Petrify                  Tmut/Erth      #.......     100%        4    #####..
 Summon Ice Beast         Ice/Summ       #.......     100%        4    #####..
 Summon Lightning Spire   Summ/Air       #.......     100%        4    #####..
 Agony                    Necr           #.......     100%        5    ######.
 Metabolic Englaciation   Hex/Ice        #.........   100%        5    ######.
 Yara's Violent Unravell  Hex/Tmut       #.........   100%        5    ######.


Dungeon Overview and Level Annotations

Branches:
Dungeon (11/15)            Temple (1/1) D:4            Lair (0/6) D:9
    Orc: D:9-12

Altars:
Ashenzari
Cheibriados
Dithmenos
Elyvilon
Fedhas
Gozag
Hepliaklqana
Kikubaaqudgha
Makhleb
Nemelex Xobeh
Okawaru
Qazlal
Ru
Sif Muna
Trog
Uskayaw
Vehumet
Wu Jian
Xom
Yredelemnul
Zin
The Shining One
Jiyva

Shops:
D:7 *   D:8 *


Innate Abilities, Weirdness & Mutations

You reflexively headbutt those who attack you in melee.
You have a pair of horns on your head.


Message History

The troll claws you.
You hit the troll. Your headbutt misses the troll.
The troll is moderately wounded.
The troll bites you.
* * * LOW HITPOINT WARNING * * *
The troll claws you but does no damage. The troll claws you.
* * * LOW HITPOINT WARNING * * *
You feel very mighty all of a sudden. The troll bites you.
* * * LOW HITPOINT WARNING * * *
The troll claws you.
* * * LOW HITPOINT WARNING * * *
The troll closely misses you.
You barely miss the troll.
The troll is moderately wounded.
The troll bites you!
* * * LOW HITPOINT WARNING * * *
The troll barely misses you. The troll claws you.
You die...
Your body crumbles into a pile of gold.

# # # ################
####<.............#
.....######.####..#########
#.#### #.# #..........# #.#
#.# #.########.# #.#
##.####>##### #.# ..#
#.....T@....# #.# ###
#..####.###.####.# #..#
#.###..>...# ##########..#
#......##### ............##
####...#######
########.....######..)[.....#
# #.............).####.# #
#...............# #.#
########[.......)#..#..# #.#


You could see a troll.

Vanquished Creatures
  Harold (D:10)
  A two-headed ogre (D:10)
  3 hippogriffs (D:7)
  Sigmund (D:5)
  2 wyverns (D:9)
  An orc warrior (D:10)
  A necrophage (D:11)
  2 eyes of draining (D:10)
  2 phantoms
  3 black bears
  5 ice beasts
  An ogre (D:10)
  3 centaurs
  2 big kobolds
  2 bullfrogs
  3 scorpions
  7 killer bees
  10 wights
  3 howler monkeys (D:9)
  2 crimson imps
  2 bullfrog zombies
  4 hounds
  9 jellies
  5 orc priests
  A centaur skeleton (D:9)
  9 orc wizards
  4 bullfrog skeletons
  3 iguanas
  Natasha (twice) (D:2)
  6 worker ants
  3 hound skeletons
  A howler monkey zombie (D:10)
  14 adders
  7 gnolls
  5 shadow imps
  7 oozes
  An adder skeleton (D:7)
  6 worms
  3 dart slugs
  2 leopard geckos (D:3)
  25 orcs
  8 bats
  5 giant cockroaches
  10 goblins
  7 hobgoblins
  7 jackals
  7 kobolds
  3 quokkas
  A ball python (D:3)
  A ball python skeleton (D:5)
  A leopard gecko skeleton (D:4)
  A quokka zombie (D:5)
  6 rats
231 creatures vanquished.

Vanquished Creatures (collateral kills)
  A big kobold (D:9)
  An orc priest (D:11)
  A leopard gecko (D:11)
  A kobold (D:9)
4 creatures vanquished.

Vanquished Creatures (others)
  An orc warrior (D:11)
  2 orcs
  A quokka (D:2)
4 creatures vanquished.

Grand Total: 239 creatures vanquished

Notes
Turn   | Place    | Note
-------+----------+-------------------------------------------
     0 | D:1      | hawla the Minotaur Artificer began the quest for the Orb.
     0 | D:1      | Reached XP level 1. HP: 16/16 MP: 1/1
    86 | D:1      | Reached XP level 2. HP: 23/23 MP: 3/3
   627 | D:1      | Reached XP level 3. HP: 26/28 MP: 4/4
   850 | D:2      | Noticed Natasha
   853 | D:2      | Killed Natasha
  1015 | D:2      | Reached skill level 1 in Maces & Flails
  1021 | D:2      | Reached XP level 4. HP: 32/35 MP: 6/6
  1077 | D:2      | Found a white marble altar of Elyvilon.
  1227 | D:2      | Noticed Natasha
  1232 | D:2      | Killed Natasha
  1654 | D:3      | Reached skill level 1 in Armour
  1666 | D:3      | Reached XP level 5. HP: 30/41 MP: 7/7
  2161 | D:3      | Found a stormy altar of Qazlal.
  2730 | D:4      | Reached XP level 6. HP: 35/48 MP: 8/8
  3099 | D:4      | Found a staircase to the Ecumenical Temple.
  3120 | Temple   | Entered the Ecumenical Temple
  3170 | Temple   | Became a worshipper of Gozag Ym Sagoz the Greedy
  3259 | D:4      | Found a snail-covered altar of Cheibriados.
  3479 | D:4      | Reached skill level 1 in Polearms
  3719 | D:4      | Found a burning altar of Makhleb.
  3798 | D:5      | Entered Level 5 of the Dungeon
  3805 | D:5      | Reached XP level 7. HP: 40/56 MP: 9/9
  3991 | D:5      | Reached skill level 5 in Evocations
  4305 | D:5      | Found a sacrificial altar of Ru.
  4387 | D:5      | Noticed Sigmund
  4405 | D:5      | Killed Sigmund
  4500 | D:5      | Reached XP level 8. HP: 57/63 MP: 10/10
  5467 | D:6      | Reached skill level 5 in Polearms
  5591 | D:7      | Noticed a hippogriff
  5599 | D:7      | Killed a hippogriff
  5599 | D:7      | Reached skill level 5 in Dodging
  5817 | D:7      | Reached skill level 5 in Armour
  5892 | D:7      | You fall into a shaft and drop 2 floors!
  5892 | D:9      | Found a bloodstained altar of Trog.
  6093 | D:8      | Found Nixezuf's Elemental Accessories.
  6109 | D:8      | Reached XP level 9. HP: 59/72 MP: 12/12
  6375 | D:7      | Found Isoamaung's Assorted Antiques.
  6676 | D:7      | Bought a scroll labeled XUAVVY HOANGA for 30 gold pieces
  6676 | D:7      | Bought a scroll of teleportation for 90 gold pieces
  7337 | D:7      | Reached skill level 5 in Fighting
  7645 | D:7      | Found a shadowy altar of Dithmenos.
  7646 | D:7      | Found a basalt altar of Yredelemnul.
  7764 | D:8      | Found a viscous altar of Jiyva.
  7843 | D:8      | Bought a tin of tremorstones (3/3) for 480 gold pieces
  7843 | D:8      | Bought a wand of iceblast (10) for 168 gold pieces
  8304 | D:8      | Bought an uncursed staff of air for 300 gold pieces
  8682 | D:9      | Reached XP level 10. HP: 36/83 MP: 14/14
  8962 | D:9      | Reached skill level 1 in Staves
  9274 | D:9      | Found a staircase to the Lair.
  9663 | D:10     | Entered Level 10 of the Dungeon
 10082 | D:10     | Noticed a two-headed ogre
 10092 | D:10     | Killed a two-headed ogre
 10109 | D:10     | Noticed Harold
 10145 | D:10     | Killed Harold
 10145 | D:10     | Reached skill level 1 in Throwing
 10637 | D:10     | Got a bloodstained whip
 10638 | D:10     | Identified the +5 whip of the Howling Salmon {vorpal, rElec
                  | rPois MR++ Str-3} (You found it on level 10 of the Dungeon)
 11394 | D:10     | HP: 1/83 [troll (9)]
 11394 | D:10     | Slain by a troll

Illustrated notes

Levels and vault maps discovered:
D:1:      evilmike_arrival_rings, layout_basic
D:2:      layout_loops_ring, elyvilon_altar_4, minivault_24, uniq_natasha
D:3:      layout_basic, nicolae_qazlal_eye_of_the_storm
D:4:      layout_basic, kennysheep_slug_shrine, makhleb_blood_cavern_becter,
          minmay_temple_entry_glassed_door
D:5:      layout_cave_pools, lemuel_doored_altar, first_ration, uniq_sigmund
D:6:      layout_gridville, serial_glass, glass_columns_b, glass_columns_b,
          minmay_strange_pillars, item_on_display_a, minmay_strange_pillars
D:7:      layout_layer_cave, gammafunk_temple_overflow_pools, serial_shops,
          nicolae_shop_stone
D:8:      layout_basic, serial_curves, eino_curves_04, eino_curves_04,
          nicolae_elemental_shop, hangedman_little_slice_of_home, jiyva_altar_1
D:9:      layout_grid_maze, lemuel_crystal_altar, lair_entry_dummy
D:10:     layout_loops_ring, kennysheep_generic_room_5, uniq_harold
D:11:     layout_loops_corners, gammafunk_ghost_hydra_chop
Temple:   jpeg_temple_clearing

Skill      XL: |  1  2  3  4  5  6  7  8  9 10 |
---------------+-------------------------------+-----
Evocations     | 3 4 5 6 7 |  7.7
Maces & Flails | 1 2 3 |  3.7
Dodging        | 3 4 5 7 8 |  8.0
Armour         | 1 2 3 4 5 7 8 |  8.8
Fighting       | 2 3 4 5 6 |  6.4
Polearms       | 2 4 6 8 |  8.5
Staves         | 4 |  4.3
Throwing       | 1 |  1.9
Short Blades   | |  1.1
Stealth        | |  0.7

Action                   |  1- 3 |  4- 6 |  7- 9 | 10-12 || total
-------------------------+-------+-------+-------+-------++-------
Melee: Club              |    40 |       |       |       ||    40
       Short sword       |     3 |       |       |       ||     3
       Headbutt          |     8 |    32 |    60 |    68 ||   168
       Whip              |    13 |   133 |       |    54 ||   200
       Glaive            |       |    47 |   264 |       ||   311
       Staff             |       |       |    68 |   154 ||   222
Throw: Dart              |       |     1 |     7 |    11 ||    19
       Boomerang         |       |       |       |    10 ||    10
Evoke: Wand              |     3 |    13 |     6 |     7 ||    29
  Use: Scroll            |     2 |     8 |     5 |       ||    15
       Potion            |       |     1 |     4 |     3 ||     8
 Stab: Sleeping          |     1 |       |       |       ||     1
       Distracted        |       |       |     3 |     2 ||     5
       Invisible         |       |       |       |     2 ||     2
  Eat: Chunk             |       |     8 |       |       ||     8
       Ration            |       |     1 |     6 |     3 ||    10
Armor: Leather armour    |    26 |       |       |       ||    26
       Chain mail        |       |    99 |   260 |    96 ||   455
       Skin              |       |       |    48 |       ||    48
Dodge: Dodged            |    34 |    77 |   194 |   101 ||   406
Block: Other             |       |       |    21 |    28 ||    49
       Reflection        |       |       |     2 |     4 ||     6
